cohdb
Replays
Latest Replays
All Replays
Popular Replays
Top Player Replays
Match Explorer
How It Works
Community
CoH3 Stats
Reddit
Sign in to upload your games and track your stats! →
Sign in with Steam
Match 46745664
Unlisted
Match 46745664
Overview
Messages
Build Orders
End
Construct Infanterie Kompanie
Kettenkrad Recon Vehicle
MG 42 Machine Gun Team
Grenadier Squad
Grenadier Squad
Construct Panzergrenadier Kompanie
Panzergrenadier Squad
Pak 40 Anti-tank Gun Team
251 Medium Carrier
Selects Mechanized Battlegroup
Selects Mobile Repair Stations
Pak 40 Anti-tank Gun Team
Support Elements
Medical Station
Pioneer Squad
Selects Wespe Self-propelled Artillery
Wespe Self-propelled Artillery
Panzergrenadier Squad
Rolling9Deep
CAuMOH
Stana
aSIIDemolitionHammer
0
0
Comments
sign in to comment!
No comments posted yet!